 Dungeon Crawl Stone Soup version 0.31-a0-466-g98c9adc2b6 (webtiles) character file.

Game seed: 13788278874394231536

208 Ethylacetat the Insei (level 5, -4/29 HPs)
             Began as a Vine Stalker Monk on Aug 4, 2023.
             Slain by a gnoll
             ... wielding a +0 whip
             ... led by a gnoll sergeant
              (6 damage)
             ... on level 3 of the Dungeon.
             The game lasted 00:03:26 (2243 turns).

Ethylacetat the Insei (Vine Stalker Monk)           Turns: 2243, Time: 00:03:27

Health: -4/29      AC:  6    Str: 20    XL:     5   Next: 86%
Magic:  0/10       EV:  9    Int: 10    God:
Gold:   196        SH:  0    Dex: 18    Spells: 9/9 levels left

rFire   . .          .
                       - Unarmed
rCold   . . .        n - +0 kite shield
rNeg    . . .        j - +0 scale mail
rPois   .            (no helmet)
rElec   .            (no cloak)
rCorr   .            (no gloves)
SInv    +            (no boots)
Will    .....        (no amulet) Stlth
                     i - ring of see invisible
HPRegen 1.04/turn    m - +6 ring of strength
MPRegen 0.12/turn

%: random rage (3%), guardian spirit
@: confused, ambrosia-drunk
A: fangs 2, regeneration 1, magic shield, antimagic bite, no potion heal 2,
berserk 1
a: no special abilities


You were on level 3 of the Dungeon.
You visited 1 branch of the dungeon, and saw 3 of its levels.

You collected 196 gold pieces.

Inventory:

Missiles
 q - 5 curare-tipped darts
Armour
 c - a +0 plate armour
 j - a +0 scale mail (worn)
 n - a +0 kite shield (worn)
Jewellery
 i - a ring of see invisible (left hand)
 m - a +6 ring of strength (right hand)
Scrolls
 a - a scroll of fog {unknown}
 d - 2 scrolls of revelation {unknown}
 e - a scroll of poison {unknown}
 h - 3 scrolls of noise {unknown}
 k - 4 scrolls of fear {unknown}
 l - a scroll of enchant armour {unknown}
 o - 3 scrolls of identify {unknown}
Potions
 b - 2 potions of ambrosia
 f - a potion of heal wounds {unknown}
 g - a potion of brilliance {unknown}
 p - a potion of mutation


   Skills:
 + Level 3.9 Fighting
 - Level 2.4 Dodging
 + Level 0.9 Shields
 + Level 4.2 Unarmed Combat
 + Level 2.7 Spellcasting


You had 9 spell levels left.
You didn't know any spells.
Your spell library contained the following spells:

 Spells                   Type           Power      Damage    Failure   Level
 Freeze                   Ice            4%         1d3       94%         1
 Lesser Beckoning         Tloc           2%         N/A       98%         2
 Frozen Ramparts          Ice            2%         1d1       100%        3
 Gell's Gravitas          Tloc           1%         N/A       100%        3
 Hailstorm                Conj/Ice       1%         3d3       100%        3
 Teleport Other           Tloc           1%         N/A       100%        3


Dungeon Overview and Level Annotations

Branches:
Dungeon (3/15)

Altars:


Innate Abilities, Weirdness & Mutations

You have extremely sharp teeth.
Your natural rate of healing is unusually fast.
When hurt, damage is shared between your health and your magic reserves.
Your bite disrupts and absorbs the magic of your enemies.
Potions cannot restore your health.
You sometimes lose your temper in combat.


Message History

The gnoll sergeant is moderately wounded.
The gnoll sergeant completely misses you.
The gnoll hits you but does no damage.
You hit the gnoll sergeant. You bite the gnoll sergeant. You drain its power.
The gnoll sergeant is heavily wounded.
You block the gnoll sergeant's attack. You block the gnoll's attack.
You hit the gnoll sergeant but do no damage.
The gnoll sergeant is heavily wounded.
You block the gnoll sergeant's attack. The gnoll completely misses you.
You hit the gnoll sergeant but do no damage.
Your bite misses the gnoll sergeant.
The gnoll sergeant is heavily wounded.
The gnoll sergeant hits you with a +0 vampiric trident!
The gnoll barely misses you.
You hit the gnoll sergeant. You bite the gnoll sergeant. You drain its power.
You feel invigorated.
The gnoll sergeant is severely wounded.
You block the gnoll sergeant's attack. The gnoll hits you with a +0 whip!
The gnoll sergeant blocks your attack.
The gnoll sergeant is severely wounded.
The gnoll sergeant completely misses you.
The gnoll hits you with a +0 whip.
You hit the gnoll sergeant but do no damage.
You bite the gnoll sergeant, but do no damage.
The gnoll sergeant is severely wounded.
The gnoll sergeant hits you with a +0 vampiric trident.
* * * LOW HITPOINT WARNING * * *
The gnoll sergeant draws strength from your wounds!
The gnoll hits you with a +0 whip.
* * * LOW HITPOINT WARNING * * *
It was a potion of mutation.
You feel extremely strange.
You feel a little pissed off. You block the gnoll sergeant's attack.
You block the gnoll's attack.
You are confused.
Your system rejects the healing.
You feel invigorated.
The gnoll sergeant hits you with a +0 vampiric trident!
* * * LOW HITPOINT WARNING * * *
The gnoll sergeant draws strength from your wounds!
The gnoll hits you with a +0 whip!
You die...

##### # ...#.### ###.
########..#... ....########
.......#..#.######.........######
######.#......ggg#...............
#.#.[#.#..#@#.........######
#.#g.#.#..#.#..........))...
#.#.g#.#g.#.#.........######
#.#....#g.#.#.........######
####'#....g..#.##+###.####.....
#.........##.#.# #.....'.....
###.........#....# #######.....
#.'......#######################.
..#......#.......#.......#.......


You could see a gnoll sergeant and 2 gnolls.

Vanquished Creatures
  A kobold brigand (D:3)
  4 gnolls
  4 adders
  A worm (D:2)
  A dart slug (D:2)
  An orc (D:3)
  3 endoplasms
  3 giant cockroaches
  6 goblins
  5 hobgoblins
  4 jackals (D:1)
  11 kobolds
  3 ball pythons
  6 bats
  2 frilled lizards
  8 rats
63 creatures vanquished.

Notes
Turn   | Place    | Note
-------+----------+-------------------------------------------
     0 | D:1      | Ethylacetat the Vine Stalker Monk began the quest for the
                  | Orb.
     0 | D:1      | Reached XP level 1. HP: 11/11 MP: 2/2
    42 | D:1      | Reached XP level 2. HP: 14/16 MP: 2/4
   234 | D:1      | Reached skill level 1 in Spellcasting
   289 | D:1      | Reached XP level 3. HP: 12/20 MP: 5/5
   961 | D:2      | Gained mutation: Your natural rate of healing is unusually
                  | fast. [Vine Stalker growth]
   961 | D:2      | Reached XP level 4. HP: 16/24 MP: 7/7
  1593 | D:3      | Reached skill level 4 in Unarmed Combat
  1593 | D:3      | Reached XP level 5. HP: 29/29 MP: 9/9
  2112 | D:3      | Noticed a kobold brigand
  2127 | D:3      | Killed a kobold brigand
  2242 | D:3      | Gained mutation: You sometimes lose your temper in combat.
                  | [potion of mutation]
  2243 | D:3      | Slain by a gnoll

Illustrated notes

Levels and vault maps discovered:
D:1:      sevenhm_arrival_forest_fort_small_3, layout_basic
D:2:      layout_loops_corners
D:3:      cheibrodos_thug_alley, layout_basic,
          riverfiend_overflow_shadow_ancestor,
          gammafunk_temple_overflow_elements, patterned_corridor

Skill      XL: |  1  2  3  4 |
---------------+-------------+-----
Fighting       | 3 |  3.9
Spellcasting   | 1 2 |  2.7
Unarmed Combat | 4 |  4.2
Dodging        | |  2.4
Shields        | |  0.9

Action                     |  1- 3 |  4- 6 || total
---------------------------+-------+-------++-------
  Melee: Unarmed           |    67 |   108 ||   175
         Bite              |    14 |    37 ||    51
    Use: Potion            |       |     2 ||     2
 Armour: Robe              |    10 |       ||    10
         Scale mail        |     8 |    27 ||    35
  Dodge: Dodged            |    37 |    44 ||    81
  Block: Kite shield       |       |    34 ||    34

Table legend: (Time is in decaauts)
 A = Elapsed time spent in this place.
 B = Non-inter-level travel time spent in this place.
 C = Inter-level travel time spent in this place.
 D = Time resting spent in this place.
 E = Time spent auto-exploring this place.
 F = Levels seen in this place.
 G = Mean time per level.
                   A        B        C        D        E       F      G
               +--------+--------+--------+--------+--------+-----+--------+
         Total |   2250 |   2179 |     71 |      9 |   1738 |   3 |  750.0 |
       Dungeon |   2250 |   2179 |     71 |      9 |   1738 |   3 |  750.0 |
               +--------+--------+--------+--------+--------+-----+--------+

Top non-repeatable levels by time:
     D:2: 847 daAuts
     D:3: 737 daAuts
     D:1: 665 daAuts
